 Dungeon Crawl Stone Soup version 0.17-a0-1648-g0a089d4 (webtiles) character file.

909 Gorice the Conjurer (level 8, -4/46 HPs)
             Began as an Octopode Fire Elementalist on Aug 12, 2015.
             Slain by Grinder (9 damage)
             ... while paralysed by Grinder
             ... on level 5 of the Dungeon.
             The game lasted 00:29:59 (5419 turns).

Gorice the Conjurer (Octopode Fire Elementalist)    Turns: 5419, Time: 00:29:59

Health: -4/46      AC:  1    Str:  7    XL:     8   Next: 8%
Magic:  6/14       EV:  2    Int: 19    God:
Gold:   207        SH:  0    Dex: 13    Spells: 3 memorised, 9 levels left

rFire  . . .     SeeInvis .     a - +0 trident
rCold  + . .     Clarity  .     (no shield)
rNeg   . . .     SustAt   +     (helmet restricted)
rPois  .         Gourm    .     (no amulet)
rElec  .         Spirit   .     p - ring of sustain attributes
rCorr  .         Warding  .     x - ring of protection from cold
rMut   .         Rnd*Tele +     D - ring of teleportation (curse)
MR     .....                    (no ring)
Stlth  +++.......               (no ring)
                                (no ring)
                                (no ring)
                                (no ring)

@: paralysed, not resistant to hostile enchantments, fairly stealthy
A: almost no armour, amphibious, 8 rings, constrict 8, camouflage 1, gelatinous
body 1
a: Evoke Teleportation


You were on level 5 of the Dungeon.
You were not hungry.

You visited 1 branch of the dungeon, and saw 5 of its levels.
You also visited: Sewer.

You collected 207 gold pieces.

Inventory:

Hand weapons
 a - a +0 trident (weapon)
 d - a +1 falchion of holy wrath
   (You took it off an orc on level 3 of the Dungeon)
 f - a +0 hand axe of freezing
   (You found it on level 2 of the Dungeon)
 q - a +2 war axe of electrocution
   (You found it on level 4 of the Dungeon)
 t - a +0 quarterstaff
 B - a +2 great mace of draining
   (You found it on level 5 of the Dungeon)
 C - a +0 halberd
Missiles
 c - a poisoned needle
 y - 2 tomahawks (quivered)
 z - 6 javelins
 Z - 58 stones
Jewellery
 p - a ring of sustain attributes (left tentacle)
 x - a ring of protection from cold (right tentacle)
 D - a cursed ring of teleportation (on tentacle)
Scrolls
 s - 2 scrolls of enchant armour
Potions
 e - a potion of poison {unknown}
 h - a potion of heal wounds {!q}
 j - a potion of resistance {!q}
 k - a potion of mutation {unknown}
 m - a potion of degeneration {unknown}
 o - 2 potions of curing {unknown}
 u - a potion of invisibility {unknown}
 v - a potion of might {unknown}
 w - 3 potions of magic {unknown}
Books
 g - a book of Flames
Comestibles
 b - 6 bread rations {!e}
 i - a chunk of flesh
 l - a royal jelly
 n - 2 beef jerkies
 r - 4 fruits
 A - a meat ration {!e}


   Skills:
 - Level 2.0 Dodging
 - Level 2.6 Stealth
 + Level 4.2 Spellcasting
 + Level 6.0 Conjurations
 * Level 5.9 Fire Magic


You had 9 spell levels left.
You knew the following spells:

 Your Spells              Type           Power        Failure   Level  Hunger
a - Flame Tongue          Conj/Fire      ####.        1%          1    None
b - Throw Flame           Conj/Fire      ####..       1%          2    #......
c - Conjure Flame         Conj/Fire      ####....     3%          3    ###....


Dungeon Overview and Level Annotations

Branches:
Dungeon (5/15)
 Temple: D:4-7

Altars:
Dithmenos
Elyvilon
Zin
The Shining One

Annotations:
D:5 Ajdolov's ghost, experienced GrBe; Grinder


Innate Abilities, Weirdness & Mutations

You cannot wear most types of armour.
You are amphibious.
You can wear up to eight rings at the same time.
You can use your tentacles to constrict eight enemies at once.
Your skin changes colour to match your surroundings (Stealth).
Your rubbery body absorbs attacks (AC +1).


Message History

Grinder is heavily wounded.
Grinder hits you.
You writhe in agony.
You writhe in agony.
Damage: 2 (max 2)
Casting: Flame Tongue
Confirm with . or Enter, or press ? or * to list all spells.
Aiming: Flame Tongue
Press: ? - help, Shift-Dir - straight line, f/p - Grinder
Aim: Grinder (heavily wounded)
The flame tongue hits Grinder.
Grinder appears unharmed.
Grinder is heavily wounded.
Grinder gestures at you.
You suddenly lose the ability to move!
Grinder hits you.
You writhe in agony.
You can move again.
Damage: 6 (max 6)
Casting: Flame Tongue
Confirm with . or Enter, or press ? or * to list all spells.
Aiming: Flame Tongue
Press: ? - help, Shift-Dir - straight line, f/p - Grinder
Aim: Grinder (heavily wounded)
The flame tongue hits Grinder.
Grinder is severely wounded.
Grinder hits you!
You writhe in agony.
Damage: 11 (max 11)
Casting: Flame Tongue
Confirm with . or Enter, or press ? or * to list all spells.
Aiming: Flame Tongue
Press: ? - help, Shift-Dir - straight line, f/p - Grinder
Aim: Grinder (severely wounded)
The flame tongue hits Grinder.
Grinder is severely wounded.
Grinder hits you!
You writhe in agony.
Damage: 13 (max 13)
Casting: Flame Tongue
Confirm with . or Enter, or press ? or * to list all spells.
Aiming: Flame Tongue
Press: ? - help, Shift-Dir - straight line, f/p - Grinder
Aim: Grinder (severely wounded)
The flame tongue hits Grinder.
Grinder is almost dead.
Grinder gestures at you.
You suddenly lose the ability to move!
Grinder gestures at you.
You shrug off the repeated paralysis!
Grinder hits you!
* * * LOW HITPOINT WARNING * * *
You writhe in agony.
* * * LOW HITPOINT WARNING * * *
Grinder hits you!
You die...

...........................
...........................
...........................
...........................
...........................
....................####..
...................##
..................##
................@##
.....<...........5.....#
..................#####.
.................##
.................# #..#
........)....##..# ###..#
...........#####..
####....### ............#
### .........
..#รท######...# #.....#


You could see Grinder.

Vanquished Creatures
  Menkaure (D:5)
  An ice beast (D:5)
  2 ogres (D:4)
  A big kobold (D:5)
  A crimson imp (D:5)
  A hound (D:4)
  An orc wizard (D:5)
  An orc priest (D:3)
  An iguana (D:4)
  2 worker ants (D:5)
  9 adders
  2 oozes
  An adder skeleton (D:4)
  4 giant geckos
  18 orcs
  7 bats
  4 giant cockroaches
  5 goblins
  5 hobgoblins
  18 kobolds
  6 ball pythons
  8 giant newts
  20 jackals
  6 quokkas
  A quokka skeleton (D:4)
  10 rats
  5 plants (Sewer)
141 creatures vanquished.

Notes
Turn   | Place    | Note
--------------------------------------------------------------
     0 | D:1      | Gorice the Octopode Fire Elementalist began the quest for the Orb.
     0 | D:1      | Reached XP level 1. HP: 11/11 MP: 3/3
   139 | D:1      | Reached XP level 2. HP: 15/17 MP: 0/5
   795 | D:2      | Reached skill level 2 in Conjurations
   795 | D:2      | Reached XP level 3. HP: 21/21 MP: 3/6
  1300 | D:2      | Found a glowing golden altar of the Shining One.
  1301 | D:2      | Found a glowing silver altar of Zin.
  1306 | D:2      | Found a white marble altar of Elyvilon.
  1400 | D:2      | Reached XP level 4. HP: 27/27 MP: 4/7
  1508 | D:3      | Learned a level 3 spell: Conjure Flame
  1573 | D:3      | HP: 8/27 [orc/mace (9)]
  2099 | D:3      | Reached skill level 4 in Fire Magic
  2162 | D:3      | Found a glowing drain.
  2166 | Sewer    | Entered a sewer
  2185 | Sewer    | HP: 8/27 [poisoned by an adder]
  2191 | Sewer    | HP: 7/27 [poisoned by an adder]
  2199 | Sewer    | HP: 5/27 [poisoned by an adder]
  2493 | Sewer    | Reached XP level 5. HP: 21/31 MP: 7/9
  2673 | Sewer    | Reached skill level 3 in Conjurations
  3142 | D:3      | Reached skill level 3 in Spellcasting
  3200 | D:3      | Learned a level 2 spell: Throw Flame
  3212 | D:3      | Found a shadowy altar of Dithmenos.
  3454 | D:3      | HP: 5/31 [orc/dagger (7)]
  4179 | D:4      | Reached skill level 4 in Conjurations
  4179 | D:4      | Reached XP level 6. HP: 36/36 MP: 4/10
  4284 | D:4      | Noticed an ogre
  4318 | D:4      | Killed an ogre
  4383 | D:4      | Noticed an ogre
  4396 | D:4      | Killed an ogre
  4396 | D:4      | Reached XP level 7. HP: 34/41 MP: 1/12
  4571 | D:4      | Reached skill level 5 in Conjurations
  4844 | D:5      | Entered Level 5 of the Dungeon
  4914 | D:5      | Noticed Menkaure
  4925 | D:5      | Killed Menkaure
  4925 | D:5      | Reached skill level 5 in Fire Magic
  5073 | D:5      | Reached skill level 4 in Spellcasting
  5313 | D:5      | Noticed Ajdolov's ghost (experienced GrBe)
  5353 | D:5      | Reached skill level 6 in Conjurations
  5353 | D:5      | Reached XP level 8. HP: 46/46 MP: 6/14
  5363 | D:5      | Noticed Grinder
  5412 | D:5      | Paralysed by Grinder for 2 turns
  5416 | D:5      | Paralysed by Grinder for 5 turns
  5418 | D:5      | HP: 6/46 [Grinder (9)]
  5419 | D:5      | Slain by Grinder

Vault maps used:
D:1:      lordsloth_arrival_two_stooges
D:2:      good_gods_temple_1
D:3:      lemuel_crystal_altar, gup_sewer_entry_spiral
D:5:      first_bread, minmay_ogre_servants, uniq_menkaure, uniq_grinder
Sewer:    sewer_co_scattered_pipes

Action                   |  1- 3 |  4- 6 |  7- 9 || total
-------------------------+-------+-------+-------++-------
Melee: Unarmed           |     1 |       |       ||     1
       Trident           |     3 |   136 |    15 ||   154
       Falchion          |       |       |     1 ||     1
Throw: Javelin           |       |     3 |       ||     3
 Cast: Flame Tongue      |    61 |   108 |    48 ||   217
       Conjure Flame     |       |     4 |     2 ||     6
       Throw Flame       |       |       |     4 ||     4
  Use: Scroll            |     2 |     9 |       ||    11
       Potion            |       |     1 |       ||     1
 Stab: Sleeping          |     1 |    11 |       ||    12
  Eat: Chunk             |     2 |    10 |     3 ||    15

Table legend:
 A = Turns spent in this place as a percentage of turns spent in the entire game.
 B = Non-inter-level travel turns spent in this place as a percentage of non-inter-level travel turns spent in the entire game.
 C = Inter-level travel turns spent in this place as a percentage of turns spent in this place.
 D = Turns resting spent in this place as a percentage of non-inter-level travel turns spent in this place.
 E = Turns spent auto-exploring this place as a percentage of non-inter-level travel turns spent in this place.
 F = Non-inter-level travel turns spent in this place divided by the number of levels of this place that you've seen.
                   A       B       C       D       E      F
               +-------+-------+-------+-------+-------+----------------------
         Total | 100.0 | 100.0 |   0.2 |   2.3 |   4.8 | 389.5
       Dungeon |  86.0 |  85.9 |   0.2 |   2.3 |   5.0 | 401.6
         Sewer |  14.0 |  14.1 |   0.0 |   1.8 |   4.0 | 329.0
               +-------+-------+-------+-------+-------+----------------------

Vault maps used:
D:1:      lordsloth_arrival_two_stooges
D:2:      good_gods_temple_1
D:3:      lemuel_crystal_altar, gup_sewer_entry_spiral
D:5:      first_bread, minmay_ogre_servants, uniq_menkaure, uniq_grinder
Sewer:    sewer_co_scattered_pipes
